[ AOE2 MATCH · #506028473 ]
UnrankedBerbers vs Shu
Player's team · WIN
Rival team · LOSS
[ REPLAY ANALYSIS · EXTRACTED FROM THE RECORDED GAME ]
Feudal
9:16
Castle
19:04
Imperial
—
| APM avg | 90.6 |
| APM peak | 124 |
| eAPM avg | 43.4 |
| Villagers / military | 145 / 70 |
Focus
⚔️ 52.4% · 🌾 47.6%
Knight ×49 · Skirmisher ×9 · Scout Cavalry ×6 · Mangonel ×3 · Genitour ×1 · Spearman ×1
Feudal
8:51
Castle
18:25
Imperial
—
| APM avg | 66.4 |
| APM peak | 108 |
| eAPM avg | 30.5 |
| Villagers / military | 103 / 63 |
Focus
⚔️ 40.6% · 🌾 59.4%
Archer ×31 · Spearman ×18 · Unknown (1962) ×12 · Militia ×7 · Monk ×6 · Unknown (1944) ×6
Match map
Initial resources + every placement click. Lines = walls · curves = elevation contours. ◆ gold · ⬟ stone · ● berries · ✦ relic · ◌ wall gap
Your base· Open — unwalled flank
hK | Keno_'s base· Open — unwalled flank
Smoothed initial terrain · ◌ = detected wall gap · hover for details
Inputs per minute
— DS_Gali - - hK | Keno_
Build order — DS_Gali
First 150 of 358 actions detected
| 0:01 | Queue | Villager (Male) |
| 0:02 | Build | House |
| 0:02 | Build | House |
| 0:07 | Queue | Villager (Male) |
| 0:07 | Queue | Villager (Male) |
| 0:13 | Queue | Villager (Male) |
| 1:26 | Queue | Villager (Male) |
| 1:52 | Build | Lumber Camp |
| 1:59 | Queue | Villager (Male) |
| 1:59 | Queue | Villager (Male) |
| 2:16 | Queue | Villager (Male) |
| 2:16 | Queue | Villager (Male) |
| 2:51 | Queue | Villager (Male) |
| 3:11 | Queue | Villager (Male) |
| 3:43 | Queue | Villager (Male) |
| 3:43 | Queue | Villager (Male) |
| 3:49 | Build | House |
| 3:50 | Build | House |
| 3:58 | Queue | Villager (Male) |
| 3:58 | Queue | Villager (Male) |
| 4:31 | Queue | Villager (Male) |
| 4:50 | Build | Palisade Wall |
| 4:57 | Queue | Villager (Male) |
| 5:19 | Build | Mill |
| 5:26 | Queue | Villager (Male) |
| 5:46 | Queue | Villager (Male) |
| 6:09 | Research | Loom |
| 6:16 | Queue | Villager (Male) |
| 6:36 | Build | Palisade Wall |
| 7:04 | Research | Feudal Age |
| 7:04 | Research | Feudal Age |
| 7:17 | Build | Palisade Wall |
| 7:18 | Build | Palisade Wall |
| 7:29 | Build | Lumber Camp |
| 7:37 | Build | House |
| 8:29 | Build | Barracks |
| 8:31 | Build | Barracks |
| 8:51 | Build | Palisade Wall |
| 8:52 | Build | House |
| 8:53 | Build | House |
| 8:56 | Build | Palisade Wall |
| 8:57 | Build | Palisade Wall |
| 8:58 | Build | Palisade Wall |
| 8:59 | Build | Palisade Wall |
| 9:04 | Build | Palisade Wall |
| 9:04 | Build | Palisade Wall |
| 9:04 | Build | Palisade Wall |
| 9:13 | Build | Palisade Wall |
| 9:16 | Age | Feudal Age |
| 9:17 | Queue | Villager (Male) |
| 9:25 | Research | Double-Bit Axe |
| 9:38 | Queue | Villager (Male) |
| 9:40 | Build | House |
| 10:03 | Build | Archery Range |
| 10:08 | Queue | Villager (Male) |
| 10:09 | Queue | Spearman |
| 10:25 | Research | Horse Collar |
| 10:25 | Research | Horse Collar |
| 10:26 | Queue | Villager (Male) |
| 10:38 | Build | Farm |
| 10:44 | Queue | Villager (Male) |
| 10:57 | Queue | Villager (Male) |
| 11:04 | Build | Farm |
| 11:11 | Queue | Skirmisher |
| 11:13 | Build | Farm |
| 11:26 | Queue | Skirmisher |
| 11:27 | Queue | Villager (Male) |
| 11:35 | Build | Farm |
| 11:43 | Queue | Villager (Male) |
| 11:53 | Build | Farm |
| 11:58 | Queue | Skirmisher |
| 12:10 | Queue | Villager (Male) |
| 12:14 | Build | Farm |
| 12:16 | Queue | Villager (Male) |
| 12:20 | Queue | Villager (Male) |
| 12:22 | Queue | Skirmisher |
| 12:39 | Build | Farm |
| 12:47 | Queue | Villager (Male) |
| 12:51 | Build | Farm |
| 12:54 | Queue | Villager (Male) |
| 12:57 | Queue | Skirmisher |
| 13:03 | Queue | Villager (Male) |
| 13:18 | Build | House |
| 13:22 | Queue | Villager (Male) |
| 13:31 | Build | House |
| 13:34 | Queue | Villager (Male) |
| 13:47 | Queue | Villager (Male) |
| 13:50 | Queue | Villager (Male) |
| 13:52 | Build | Farm |
| 13:53 | Build | Farm |
| 13:55 | Build | Farm |
| 14:01 | Build | House |
| 14:03 | Build | House |
| 14:13 | Build | Mining Camp |
| 14:22 | Build | Farm |
| 14:25 | Build | Farm |
| 14:33 | Queue | Villager (Male) |
| 14:42 | Queue | Villager (Male) |
| 14:46 | Build | House |
| 14:59 | Build | Blacksmith |
| 15:10 | Queue | Villager (Male) |
| 15:12 | Build | House |
| 15:17 | Build | House |
| 15:47 | Build | House |
| 15:49 | Build | House |
| 15:53 | Build | Farm |
| 16:23 | Research | Castle Age |
| 16:24 | Research | Castle Age |
| 16:27 | Queue | Skirmisher |
| 16:55 | Queue | Skirmisher |
| 16:57 | Research | Fletching |
| 17:13 | Queue | Skirmisher |
| 17:14 | Queue | Villager (Male) |
| 17:18 | Build | Palisade Gate |
| 17:19 | Build | Palisade Wall |
| 17:33 | Research | Padded Archer Armor |
| 17:44 | Build | Stable |
| 17:48 | Build | Stable |
| 17:53 | Queue | Villager (Male) |
| 18:17 | Research | Scale Barding Armor |
| 18:32 | Queue | Skirmisher |
| 18:44 | Queue | Villager (Male) |
| 19:04 | Age | Castle Age |
| 19:06 | Queue | Knight |
| 19:06 | Queue | Knight |
| 19:18 | Queue | Genitour |
| 19:23 | Queue | Villager (Male) |
| 19:25 | Build | Town Center |
| 19:30 | Queue | Knight |
| 19:30 | Queue | Knight |
| 19:38 | Research | Bloodlines |
| 19:38 | Research | Bloodlines |
| 19:43 | Queue | Knight |
| 19:43 | Queue | Knight |
| 19:52 | Queue | Villager (Male) |
| 19:56 | Build | Farm |
| 20:06 | Build | Farm |
| 20:07 | Build | Farm |
| 20:09 | Queue | Knight |
| 20:09 | Queue | Knight |
| 20:23 | Queue | Villager (Male) |
| 20:23 | Queue | Villager (Male) |
| 20:29 | Build | Town Center |
| 20:52 | Queue | Villager (Male) |
| 20:55 | Queue | Villager (Male) |
| 20:57 | Queue | Knight |
| 20:57 | Queue | Knight |
| 21:16 | Queue | Villager (Male) |
| 21:19 | Queue | Villager (Male) |
| 21:19 | Queue | Villager (Male) |
Build order — hK | Keno_
First 150 of 320 actions detected
| 0:00 | Queue | Villager (Male) |
| 0:01 | Queue | Villager (Male) |
| 0:02 | Build | House |
| 0:02 | Build | House |
| 0:05 | Queue | Villager (Male) |
| 0:06 | Queue | Villager (Male) |
| 1:23 | Queue | Villager (Male) |
| 1:44 | Build | Lumber Camp |
| 1:52 | Queue | Villager (Male) |
| 2:13 | Queue | Villager (Male) |
| 2:47 | Queue | Villager (Male) |
| 3:07 | Queue | Villager (Male) |
| 3:16 | Queue | Villager (Male) |
| 3:16 | Queue | Villager (Male) |
| 3:52 | Build | House |
| 3:57 | Queue | Villager (Male) |
| 4:17 | Queue | Villager (Male) |
| 4:17 | Queue | Villager (Male) |
| 4:29 | Build | House |
| 4:51 | Queue | Villager (Male) |
| 5:10 | Queue | Villager (Male) |
| 5:14 | Build | Barracks |
| 5:20 | Queue | Villager (Male) |
| 5:22 | Research | Loom |
| 5:34 | Build | Palisade Wall |
| 5:34 | Build | Palisade Wall |
| 5:34 | Build | Palisade Wall |
| 6:23 | Build | Palisade Wall |
| 6:41 | Research | Feudal Age |
| 6:56 | Queue | Militia |
| 6:56 | Queue | Militia |
| 7:09 | Build | Mill |
| 7:24 | Queue | Militia |
| 7:24 | Queue | Militia |
| 7:31 | Build | Palisade Wall |
| 7:33 | Build | House |
| 7:41 | Queue | Militia |
| 8:35 | Queue | Villager (Male) |
| 8:51 | Age | Feudal Age |
| 9:01 | Research | Man-at-Arms (upgrade) |
| 9:07 | Queue | Villager (Male) |
| 9:21 | Queue | Villager (Male) |
| 9:23 | Build | House |
| 9:32 | Build | House |
| 9:41 | Queue | Villager (Male) |
| 9:45 | Build | Farm |
| 9:46 | Build | Farm |
| 10:00 | Queue | Villager (Male) |
| 10:10 | Build | Farm |
| 10:14 | Build | Farm |
| 10:15 | Queue | Villager (Male) |
| 10:23 | Build | House |
| 10:35 | Queue | Villager (Male) |
| 10:36 | Build | Farm |
| 10:47 | Build | Farm |
| 11:04 | Queue | Villager (Male) |
| 11:05 | Build | Farm |
| 11:07 | Build | Farm |
| 11:11 | Build | House |
| 11:28 | Build | Palisade Wall |
| 11:29 | Build | Palisade Wall |
| 11:29 | Build | Palisade Wall |
| 11:36 | Queue | Villager (Male) |
| 11:38 | Build | Farm |
| 11:40 | Build | Farm |
| 11:57 | Build | Palisade Wall |
| 12:08 | Research | Double-Bit Axe |
| 12:33 | Queue | Villager (Male) |
| 12:53 | Queue | Villager (Male) |
| 12:54 | Build | Mining Camp |
| 13:29 | Queue | Villager (Male) |
| 13:30 | Build | Farm |
| 13:32 | Build | Archery Range |
| 13:52 | Build | Farm |
| 13:53 | Build | Farm |
| 13:53 | Queue | Villager (Male) |
| 14:04 | Queue | Villager (Male) |
| 14:40 | Queue | Villager (Male) |
| 14:43 | Build | Blacksmith |
| 14:45 | Queue | Archer |
| 14:58 | Queue | Archer |
| 15:02 | Queue | Villager (Male) |
| 15:07 | Build | Farm |
| 15:29 | Build | Palisade Wall |
| 15:29 | Build | Palisade Wall |
| 15:45 | Research | Castle Age |
| 16:05 | Queue | Archer |
| 16:07 | Research | Horse Collar |
| 16:17 | Build | House |
| 16:20 | Queue | Archer |
| 16:34 | Build | Lumber Camp |
| 16:37 | Queue | Archer |
| 17:08 | Research | Fletching |
| 17:45 | Build | Stable |
| 18:25 | Age | Castle Age |
| 18:27 | Queue | Unit 1944 |
| 18:30 | Build | Siege Workshop |
| 18:33 | Queue | Unit 1944 |
| 18:34 | Queue | Villager (Male) |
| 18:35 | Research | Bow Saw |
| 18:36 | Queue | Villager (Male) |
| 18:39 | Queue | Unit 1944 |
| 19:05 | Queue | Villager (Male) |
| 19:08 | Build | Farm |
| 19:18 | Queue | Villager (Male) |
| 19:21 | Queue | Unit 1944 |
| 19:31 | Queue | Villager (Male) |
| 19:44 | Queue | Villager (Male) |
| 19:49 | Queue | Unit 1962 |
| 19:56 | Build | House |
| 19:57 | Build | House |
| 20:01 | Queue | Unit 1962 |
| 20:05 | Build | Monastery |
| 20:06 | Queue | Villager (Male) |
| 20:07 | Build | Farm |
| 20:07 | Build | Farm |
| 20:27 | Queue | Villager (Male) |
| 20:30 | Build | Farm |
| 20:31 | Build | Farm |
| 20:33 | Build | Farm |
| 20:38 | Queue | Unit 1962 |
| 20:42 | Queue | Villager (Male) |
| 20:49 | Queue | Monk |
| 20:50 | Build | House |
| 21:24 | Queue | Monk |
| 21:30 | Build | House |
| 21:44 | Queue | Villager (Male) |
| 21:45 | Queue | Villager (Male) |
| 21:47 | Queue | Unit 1962 |
| 21:53 | Build | House |
| 21:57 | Queue | Villager (Male) |
| 22:02 | Build | Town Center |
| 22:04 | Build | House |
| 22:05 | Build | Palisade Wall |
| 22:07 | Build | Palisade Wall |
| 22:14 | Queue | Villager (Male) |
| 22:15 | Build | Farm |
| 22:16 | Build | Farm |
| 22:17 | Build | Farm |
| 22:21 | Build | House |
| 22:23 | Queue | Monk |
| 22:29 | Queue | Villager (Male) |
| 22:52 | Queue | Unit 1962 |
| 22:54 | Queue | Villager (Male) |
| 22:55 | Queue | Villager (Male) |
| 22:57 | Build | House |
| 23:04 | Build | House |
| 23:06 | Queue | Villager (Male) |
| 23:09 | Queue | Villager (Male) |
| 23:23 | Queue | Unit 1962 |
Match timeline
| 4:50 | DS_Gali · wall_segment Palisade Wall x3 |
| 5:14 | hK | Keno_ · first_building Barracks |
| 5:34 | hK | Keno_ · wall_segment Palisade Wall x1 |
| 5:34 | hK | Keno_ · wall_segment Palisade Wall x1 |
| 5:34 | hK | Keno_ · wall_segment Palisade Wall x1 |
| 6:23 | hK | Keno_ · wall_segment Palisade Wall x9 |
| 6:36 | DS_Gali · wall_segment Palisade Wall x11 |
| 7:17 | DS_Gali · wall_segment Palisade Wall x1 |
| 7:18 | DS_Gali · wall_segment Palisade Wall x1 |
| 7:31 | hK | Keno_ · wall_segment Palisade Wall x1 |
| 8:29 | DS_Gali · first_building Barracks |
| 8:51 | DS_Gali · wall_segment Palisade Wall x1 |
| 8:51 | hK | Keno_ · age_up feudal |
| 8:56 | DS_Gali · wall_segment Palisade Wall x1 |
| 8:57 | DS_Gali · wall_segment Palisade Wall x1 |
| 8:58 | DS_Gali · wall_segment Palisade Wall x1 |
| 8:59 | DS_Gali · wall_segment Palisade Wall x1 |
| 9:04 | DS_Gali · wall_segment Palisade Wall x1 |
| 9:04 | DS_Gali · wall_segment Palisade Wall x1 |
| 9:04 | DS_Gali · wall_segment Palisade Wall x1 |
| 9:13 | DS_Gali · wall_segment Palisade Wall x1 |
| 9:16 | DS_Gali · age_up feudal |
| 10:03 | DS_Gali · first_building Archery Range |
| 11:28 | hK | Keno_ · wall_segment Palisade Wall x1 |
| 11:29 | hK | Keno_ · wall_segment Palisade Wall x1 |
| 11:29 | hK | Keno_ · wall_segment Palisade Wall x1 |
| 11:57 | hK | Keno_ · wall_segment Palisade Wall x7 |
| 13:32 | hK | Keno_ · first_building Archery Range |
| 15:29 | hK | Keno_ · wall_segment Palisade Wall x3 |
| 15:29 | hK | Keno_ · wall_segment Palisade Wall x1 |
| 17:19 | DS_Gali · wall_segment Palisade Wall x3 |
| 17:44 | DS_Gali · first_building Stable |
| 17:45 | hK | Keno_ · first_building Stable |
| 18:25 | hK | Keno_ · age_up castle |
| 18:30 | hK | Keno_ · first_building Siege Workshop |
| 19:04 | DS_Gali · age_up castle |
| 20:05 | hK | Keno_ · first_building Monastery |
| 22:05 | hK | Keno_ · wall_segment Palisade Wall x3 |
| 22:07 | hK | Keno_ · wall_segment Palisade Wall x4 |
| 24:57 | hK | Keno_ · wall_segment Palisade Wall x1 |
| 26:01 | DS_Gali · first_building Siege Workshop |
| 27:20 | hK | Keno_ · wall_segment Palisade Wall x1 |
| 27:21 | hK | Keno_ · wall_segment Palisade Wall x1 |
| 29:38 | DS_Gali · first_market_buy 100 food |
| 31:16 | DS_Gali · first_building Castle |
| 31:30 | hK | Keno_ · first_market_sell 100 wood |
| 31:31 | hK | Keno_ · first_market_buy 100 food |
| 33:55 | DS_Gali · first_market_sell 100 wood |
| 34:33 | hK | Keno_ · resign |
[ AI ANALYSIS · 1 CREDIT ]
What really happened in this match?
Wolo.gg analyzes every decision: build order, eco, micro, common mistakes by bracket. Personalized analysis on WhatsApp or Discord in 30 seconds.
Civ guide
Berbers
Perfil
Jugador #5232543